 Dungeon Crawl Stone Soup version 0.29-a0-664-gff9cad4 (webtiles) character file.

Game seed: 1576581475258191618

21 Dawnplanks the Skirmisher (level 2, 0/24 HPs)
             Began as a Merfolk Fighter on June 22, 2022.
             Slain by a worm (6 damage)
             ... on level 2 of the Dungeon.
             The game lasted 00:01:10 (956 turns).

Dawnplanks the Skirmisher (Merfolk Fighter)          Turns: 956, Time: 00:01:10

Health: 0/24       AC:  6    Str: 16    XL:     2   Next: 83%
Magic:  2/2        EV:  8    Int:  7    God:
Gold:   97         SH:  4    Dex: 13    Spells: 1/1 levels left

rFire   . . .      SeeInvis .   a - +0 long sword
rCold   . . .      Faith    .   c - +0 buckler
rNeg    . . .      Spirit   .   b - +0 scale mail
rPois   .          Reflect  .   (no helmet)
rElec   .          Harm     .   (no cloak)
rCorr   +          Rampage  .   (no gloves)
Will    .....                   (no boots)
Stlth   ..........              (no amulet)
HPRegen 0.08/turn               i - ring of resist corrosion
MPRegen 0.08/turn               (no ring)

@: no status effects
A: (nimble swimmer 2), mertail
a: no special abilities


You were on level 2 of the Dungeon.
You visited 1 branch of the dungeon, and saw 2 of its levels.

You collected 97 gold pieces.

Inventory:

Hand Weapons
 a - a +0 long sword (weapon)
Armour
 b - a +0 scale mail (worn)
 c - a +0 buckler (worn)
Jewellery
 i - a ring of resist corrosion (left hand)
Scrolls
 e - a scroll of identify {unknown}
 f - 2 scrolls of enchant armour {unknown}
 j - a scroll of fear {unknown}
 k - a scroll of fog {unknown}
Potions
 d - a potion of might
 g - a potion of haste {unknown}
 h - a potion of magic {unknown}


   Skills:
 + Level 3.5 Fighting
 * Level 3.0 Long Blades
 + Level 2.3 Armour
 + Level 0.3 Dodging
 + Level 3.2 Shields


You had one spell level left.
You didn't know any spells.
Your spell library was empty.

Dungeon Overview and Level Annotations

Branches:
Dungeon (2/15)

Altars:


Innate Abilities, Weirdness & Mutations

((You are very nimble when in or above water. (Stealth+, EV+, Speed+++)))
Your lower body shifts to a powerful aquatic tail in water.


Message History

The endoplasm barely misses you. The endoplasm freezes you.
You are frozen.
You are too injured to fight recklessly!
You are too injured to fight recklessly!
You hit the endoplasm.
The endoplasm is severely wounded.
You block the endoplasm's attack.
You hit the endoplasm but do no damage.
The endoplasm is severely wounded.
The endoplasm hits you but does no damage.
The worm barely misses you.
You hit the endoplasm.
You kill the endoplasm!
The worm bites you.
Your Long Blades skill increases to level 3!
You slash the worm!
The worm is moderately wounded.
You block the worm's attack.
You hit the worm.
The worm is heavily wounded.
You hit the worm.
The worm is severely wounded.
You block the worm's attack.
You barely miss the worm.
The worm is severely wounded.
The worm bites you.
* * * LOW HITPOINT WARNING * * *
You hit the worm.
The worm is severely wounded.
The worm closely misses you.
You barely miss the worm.
The worm is severely wounded.
The worm bites you but does no damage.
You hit the worm.
The worm is severely wounded.
You hit the worm but do no damage.
The worm is severely wounded.
The worm bites you.
You die...

.##.#.####
#........##
..........##
>...........#
............#
...?........#
.......w†...#
........@...#
...!.<......#
..[........##
.......<..##
####.######
#? #


You could see a worm.

Vanquished Creatures
  2 ball pythons (D:1)
  2 endoplasms
  A giant cockroach (D:1)
  2 goblins (D:1)
  A hobgoblin (D:1)
  4 jackals (D:1)
  A kobold (D:1)
  2 quokkas
  A rat (D:1)
16 creatures vanquished.

Notes
Turn   | Place    | Note
-------+----------+-------------------------------------------
     0 | D:1      | Dawnplanks the Merfolk Fighter began the quest for the Orb.
     0 | D:1      | Reached XP level 1. HP: 18/18 MP: 1/1
   326 | D:1      | Reached XP level 2. HP: 19/24 MP: 2/2
   956 | D:2      | Slain by a worm

Illustrated notes

Levels and vault maps discovered:
D:1:      amcnicky_arrival_blooded_trapdoor, layout_basic
D:2:      layout_rooms, basic_altar, serial_rivers,
          chequers_serial_rivers_room_b, chequers_serial_rivers_large_a,
          chequers_serial_rivers_room_a, chequers_serial_rivers_marsh,
          chequers_serial_rivers_small_b, serial_shops, shop_scrolls,
          minmay_distorted

Skill      XL: |  1  2 |
---------------+-------+-----
Long Blades    | 3 |  3.0
Fighting       | |  3.5
Armour         | |  2.3
Dodging        | |  0.3
Shields        | |  3.2

Action                   || total
-------------------------++-------
Melee: Long sword        ||    54
Armor: Scale mail        ||    21
Dodge: Dodged            ||    21
Block: Buckler           ||    10

Table legend: (Time is in decaauts)
 A = Elapsed time spent in this place.
 B = Non-inter-level travel time spent in this place.
 C = Inter-level travel time spent in this place.
 D = Time resting spent in this place.
 E = Time spent auto-exploring this place.
 F = Levels seen in this place.
 G = Mean time per level.
                   A        B        C        D        E       F      G
               +--------+--------+--------+--------+--------+-----+--------+
         Total |    971 |    963 |      8 |      0 |    849 |   2 |  485.5 |
       Dungeon |    971 |    963 |      8 |      0 |    849 |   2 |  485.5 |
               +--------+--------+--------+--------+--------+-----+--------+

Top non-repeatable levels by time:
     D:1: 949 daAuts
     D:2: 21 daAuts
